 Dungeon Crawl Stone Soup version 0.31.0-32-g396128a36d (webtiles) character file.

Game seed: 2966475446645091887

98 PaiMei the Grave Robber (level 4, -6/31 HPs)
             Began as a Demonspawn Necromancer on Mar 13, 2024.
             Killed by divine providence
             ... invoked by an orc priest
              (11 damage)
             ... on level 3 of the Dungeon.
             The game lasted 00:05:01 (2281 turns).

PaiMei the Grave Robber (Demonspawn Necromancer)    Turns: 2281, Time: 00:05:02

Health: -6/31      AC: 14    Str:  8    XL:     4   Next: 44%
Magic:  0/8        EV: 10    Int: 17    God:
Gold:   181        SH:  0    Dex: 14    Spells: 7/8 levels left

rFire   . . .        s - +0 falchion
rCold   . . .        (no shield)
rNeg    . . .        i - +3 ring mail
rPois   .            (helmet restricted)
rElec   .            q - +1 cloak
rCorr   .            (no gloves)
SInv    +            (no boots)
Will    .....        (no amulet)
Stlth   +            f - ring of see invisible
HPRegen 0.25/turn    l - +4 ring of protection
MPRegen 0.11/turn

%: no passive effects
@: no status effects
A: antennae 1
a: no special abilities


You were on level 3 of the Dungeon.
You visited 1 branch of the dungeon, and saw 3 of its levels.

You collected 181 gold pieces.

Inventory:

Hand Weapons
 c - a +0 short sword
 s - a +0 falchion (weapon)
Armour
 a - a +0 robe
 i - a +3 ring mail (worn)
 q - a +1 cloak (worn)
Jewellery
 f - a ring of see invisible (left hand)
 l - a +4 ring of protection (right hand)
Wands
 o - a wand of flame (17)
Scrolls
 h - 2 scrolls of immolation {unknown}
 k - a scroll of enchant armour {unknown}
 n - a scroll of blinking {unknown}
 p - a scroll of identify {unknown}
Potions
 b - a potion of magic
 d - a potion of brilliance {unknown}
 e - a potion of haste {unknown}
 g - a potion of enlightenment {unknown}
 j - 2 potions of heal wounds {unknown}
 m - a potion of cancellation {unknown}
 r - a potion of mutation {unknown}


   Skills:
 + Level 0.9 Fighting
 + Level 2.5 Dodging
 - Level 2.4 Stealth
 + Level 2.7 Spellcasting
 + Level 5.0 Necromancy


You had 7 spell levels left.
You knew the following spells:

 Your Spells              Type           Power      Damage    Failure   Level
a - Necrotise             Necr           76%        1d7       7%          1

Your spell library contained the following spells:

 Spells                   Type           Power      Damage    Failure   Level
 Vampiric Draining        Necr           19%        2d7       21%         3
 Animate Dead             Necr           19%        N/A       56%         4
 Curse of Agony           Necr           19%        N/A       88%         5


Dungeon Overview and Level Annotations

Branches:
Dungeon (3/15)

Altars:


Innate Abilities, Weirdness & Mutations

You have a pair of small antennae on your head.


Message History

Aim: an orc priest, wielding a +0 dagger and wearing a +0 leather armour (heavily wounded, chance to affect: 78%)
The orc priest barely resists.
Casting: Necrotise (safe; 7% risk of failure)
Confirm with . or Enter, or press ? or * to list all spells.
Aiming: Necrotise (safe; 7% risk of failure)
Press: ? - help, Shift-Dir - straight line, f/p - orc priest
Aim: an orc priest, wielding a +0 dagger and wearing a +0 leather armour (heavily wounded, chance to affect: 78%)
The orc priest writhes in agony.
The orc priest mumbles some strange prayers to Beogh against you.
Beogh smites you! The orc hits you but does no damage.
Casting: Necrotise (safe; 7% risk of failure)
Confirm with . or Enter, or press ? or * to list all spells.
You don't have enough magic to cast this spell.
Casting: Necrotise (safe; 7% risk of failure)
Confirm with . or Enter, or press ? or * to list all spells.
You don't have enough magic to cast this spell.
Casting: Necrotise (safe; 7% risk of failure)
Confirm with . or Enter, or press ? or * to list all spells.
You don't have enough magic to cast this spell.
Casting: Necrotise (safe; 7% risk of failure)
Confirm with . or Enter, or press ? or * to list all spells.
You don't have enough magic to cast this spell.
You completely miss the orc priest.
The orc priest is severely wounded.
The orc priest mumbles some strange prayers to Beogh against you.
Beogh smites you!
* * * LOW HITPOINT WARNING * * *
The orc hits you but does no damage.
You closely miss the orc priest.
The orc priest is severely wounded.
The orc priest casts a cantrip, but nothing happens.
The orc closely misses you.
You closely miss the orc priest.
The orc priest is severely wounded.
The orc priest hits you with a +0 dagger.
* * * LOW HITPOINT WARNING * * *
The orc barely misses you.
The orc priest calls down the wrath of Beogh upon you.
Beogh smites you!
You die...

###########
#.........#
#######.#######.#
#........#### #.#
#.###.......# #.#
#####..##.#..##.# #.#
..........#..##.###.#
###.....##@o.......#
##...####o##.#####
#..#####.##.#
#..o.o{.)##.########
##o#######<........#
##'## #..######.#
##...## #.....#
##o....## #.###.#
##.>.....## #.#.#.#


You could see an orc priest and an orc.

Vanquished Creatures
  An orc priest (D:3)
  An adder (D:3)
  2 orcs
  2 ball pythons
  4 endoplasms (D:1)
  2 giant cockroaches (D:2)
  4 goblins
  6 hobgoblins
  4 jackals (D:2)
  3 quokkas
  4 bats
  A frilled lizard (D:1)
  6 kobolds
  6 rats
46 creatures vanquished.

Vanquished Creatures (collateral kills)
  A dart slug (D:1)
  An endoplasm (D:2)
  3 ball pythons
  A frilled lizard (D:1)
6 creatures vanquished.

Grand Total: 52 creatures vanquished

Notes
Turn   | Place    | Note
-------+----------+-------------------------------------------
     0 | D:1      | PaiMei the Demonspawn Necromancer began the quest for the
                  | Orb.
     0 | D:1      | Reached XP level 1. HP: 13/13 MP: 3/3
   272 | D:1      | Gained mutation: You have a pair of small antennae on your
                  | head. [demonic ancestry]
   272 | D:1      | Reached XP level 2. HP: 19/19 MP: 0/5
  1021 | D:1      | Reached XP level 3. HP: 24/24 MP: 4/6
  1284 | D:2      | Found a faded altar of an unknown god.
  2253 | D:3      | Reached skill level 5 in Necromancy
  2253 | D:3      | Reached XP level 4. HP: 26/31 MP: 3/8
  2281 | D:3      | Killed from afar by an orc priest

Illustrated notes

Levels and vault maps discovered:
D:1:      kennysheep_arrival_seaside, layout_basic
D:2:      layout_basic, hellmonk_ecumenical_altar_heavens_door,
          minmay_split_cup_large
D:3:      layout_loops_corners, serial_bayou, serial_bayou_pond_e,
          serial_bayou_crossing, serial_bayou_shore_a, serial_bayou_lake_a,
          uniq_ijyb

Skill      XL: |  1  2  3 |
---------------+----------+-----
Stealth        | 2 |  2.4
Dodging        | 2 |  2.5
Necromancy     | 5 |  5.0
Fighting       | |  0.9
Spellcasting   | |  2.7

Action                     |  1- 3 |  4- 6 || total
---------------------------+-------+-------++-------
  Melee: Unarmed           |     1 |       ||     1
         Short sword       |    13 |       ||    13
         Falchion          |       |     3 ||     3
   Cast: Necrotise         |    88 |     6 ||    94
 Armour: Robe              |    12 |       ||    12
         Ring mail         |    10 |     4 ||    14
  Dodge: Dodged            |    22 |     2 ||    24
